AoeStats
← lillebror

Four Lakes

510143996Analyzed
1v1 RM · 18h ago on Sep 29, 2026· 42m 59s· 2 players
Game mode
Random Map
Map size
Tiny (2 player)
Population
200
Speed
Normal
Resources
Standard
Victory
Conquest
Starting age
Dark Age
Ending age
Imperial Age
RankedLock teamsTeams togetherTeam positionsShared explorationLock speedFull tech treeHidden civsTurbo modeCheats
Victory
Defeat
🇸🇪 Poles · Sweden
1169
+17
🇩🇰 Aztecs · Denmark
1191
-17
Klypabaarke
8:46 Loom
10:47 Feudal Age
11:41 Double-Bit Axe
14:20 Fishing Lines
15:40 Bloodlines
20:26 Castle Age
20:34 Wheelbarrow
19:46 Horse Collar
21:37 Fishing Lines
22:28 Husbandry
22:37 Scale Barding Armor
22:44 Man-at-Arms
25:07 Forging
24:59 Long Swordsman
26:06 Scale Mail Armor
27:30 Gold Mining
27:30 Stone Mining
28:38 Iron Casting
30:38 Hand Cart
30:38 Squires
30:54 Chain Mail Armor
31:13 Fletching
32:16 Szlachta Privileges
33:16 Heavy Plow
36:32 Imperial Age
34:54 Bow Saw
36:52 Cavalier
37:56 Chain Barding Armor
37:34 Two-Handed Swordsman
39:17 Blast Furnace
37:51 Capped Ram
39:19 Plate Mail Armor
39:06 Champion
41:27 Arson
42:37 Bodkin Arrow
42:06 Elite Skirmisher
lillebror
12:12 Feudal Age
10:42 Loom
12:42 Double-Bit Axe
18:32 Castle Age
17:39 Horse Collar
19:41 Bow Saw
19:45 Forging
18:58 Eagle Warrior
19:51 Squires
20:04 Gold Mining
20:52 Scale Mail Armor
21:51 Gold Shaft Mining
21:22 Pikeman
24:22 Wheelbarrow
25:05 Chain Mail Armor
25:32 Heavy Plow
32:16 Imperial Age
30:54 Hand Cart
33:11 Stone Mining
32:59 Elite Eagle Warrior
36:23 Iron Casting
36:19 Plate Mail Armor
37:16 Fletching
37:28 Padded Archer Armor
38:29 Blast Furnace
37:57 Crossbowman
38:49 Arbalester
42:59 Ballistics
Connection lost

Rejoining the realm…

Still unreachable

The connection could not be restored.

Session expired

The server has moved on; the page needs a fresh start.